 Dungeon Crawl Stone Soup version 0.17.1-3-g152610e (webtiles) character file.

422 Yevrel the Covered (level 6, 0/56 HPs)
             Began as a Minotaur Fighter on Apr 5, 2016.
             Slain by attackplan's ghost (5 damage)
             ... on level 4 of the Dungeon.
             The game lasted 00:05:11 (3445 turns).

Yevrel the Covered (Minotaur Fighter)               Turns: 3445, Time: 00:05:11

Health: 0/56       AC:  8    Str: 22    XL:     6   Next: 63%
Magic:  14/14      EV:  8    Int:  5    God:
Gold:   212        SH: 10    Dex: 10    Spells: 0 memorised, 5 levels left

rFire  . . .     SeeInvis .     a - +0 flail
rCold  . . .     Clarity  .     b - +0 scale mail
rNeg   . . .     SustAt   .     c - +0 shield
rPois  .         Gourm    .     (helmet restricted)
rElec  .         Spirit   .     j - +0 cloak
rCorr  .         Warding  .     (no gloves)
rMut   .         Stasis   .     (no boots)
MR     .....                    (no amulet)
Stlth  ..........               (no ring)
                                h - ring of magical power

@: not resistant to hostile enchantments, extremely unstealthy
A: retaliatory headbutt, horns 2
a: no special abilities


You were on level 4 of the Dungeon.
You were not hungry.

You visited 1 branch of the dungeon, and saw 4 of its levels.

You collected 212 gold pieces.

Inventory:

Hand Weapons
 a - a +0 flail (weapon)
 p - a +0 scythe
 q - a cursed -1 mace
 v - a +3 quarterstaff of chaos
Armour
 b - a +0 scale mail (worn)
 c - a +0 shield (worn)
 j - a +0 cloak (worn)
Jewellery
 h - a ring of magical power (left hand)
 r - an uncursed amulet of guardian spirit {unknown}
Wands
 o - a wand of digging (6)
Scrolls
 f - 5 scrolls of teleportation {unknown}
 i - a scroll of remove curse {unknown}
 m - 4 scrolls of identify {unknown}
 n - a scroll of fear {unknown}
 s - a scroll of blinking {unknown}
 t - a scroll of enchant weapon {unknown}
 x - a scroll of immolation {unknown}
Potions
 d - a potion of might
 g - 5 potions of curing {unknown}
 k - 3 potions of mutation {unknown}
 l - a potion of lignification {unknown}
 w - a potion of flight {unknown}
Books
 y - a book of Beasts

   Spells                             Type                      Level
   a - Summon Butterflies             Summoning                    1
   b - Call Canine Familiar           Summoning                    3
   c - Summon Ice Beast               Ice/Summoning                4
   d - Summon Mana Viper              Hexes/Summoning              5
   e - Summon Hydra                   Summoning                    7
Comestibles
 e - 3 bread rations
 u - 4 meat rations


   Skills:
 + Level 5.5 Fighting
 + Level 3.9 Maces & Flails
 + Level 5.8 Armour
 + Level 1.8 Dodging
 + Level 0.1 Stealth
 + Level 5.1 Shields


You had 5 spell levels left.
You didn't know any spells.

Dungeon Overview and Level Annotations

Branches:
Dungeon (4/15)
 Temple: D:4-7

Altars:
Kikubaaqudgha

Annotations:
D:4 attackplan's ghost, amateur HOFi


Innate Abilities, Weirdness & Mutations

You reflexively headbutt those who attack you in melee.
You have a pair of horns on your head.


Message History

You furiously retaliate!
You headbutt attackplan's ghost, but do no damage.
The worm misses you.
You completely miss attackplan's ghost. You headbutt attackplan's ghost.
Attackplan's ghost is severely damaged.
You block attackplan's ghost's attack.
You hit attackplan's ghost. You headbutt attackplan's ghost.
Attackplan's ghost is almost destroyed.
Attackplan's ghost wails, "What do you have that I didn't have?"
Attackplan's ghost closely misses you. The worm bites you but does no damage.
You hit attackplan's ghost.
Your headbutt misses attackplan's ghost.
Attackplan's ghost is almost destroyed.
Attackplan's ghost hits you.
* * * LOW HITPOINT WARNING * * *
The worm bites you but does no damage. You block attackplan's ghost's attack.
You hit attackplan's ghost.
Attackplan's ghost is almost destroyed.
Attackplan's ghost hits you.
You die...

#....##.....##.# #.....##
#....#.......########...##
#....#..._...#........#...
#....#.......##########.##
#....##.....# #..#
#.....##...# ###.#
#......##.## #....
#........Ww# #....
#........@.# #....
############ #.... #....
#...# #...# #...# #####


You could see a worm and attackplan's ghost.

Vanquished Creatures
  Sigmund (D:2)
  The ghost of manyhoops the Skirmisher, an amateur DsFi of Gozag (D:3)
  Crazy Yiuf (D:3)
  An orc priest (D:3)
  A worker ant (D:4)
  4 adders
  3 worms (D:4)
  2 giant geckos
  6 orcs (D:3)
  2 giant cockroaches
  6 hobgoblins
  2 quokkas
  5 ball pythons
  5 bats
  3 giant newts
  4 goblins
  3 kobolds
  6 rats
56 creatures vanquished.

Notes
Turn   | Place    | Note
--------------------------------------------------------------
     0 | D:1      | Yevrel the Minotaur Fighter began the quest for the Orb.
     0 | D:1      | Reached XP level 1. HP: 19/19 MP: 0/0
    77 | D:1      | Reached skill level 4 in Armour
   123 | D:1      | Reached XP level 2. HP: 27/27 MP: 1/1
   428 | D:2      | Noticed Sigmund
   450 | D:2      | Killed Sigmund
   450 | D:2      | Reached skill level 5 in Fighting
   450 | D:2      | Reached skill level 5 in Armour
   450 | D:2      | Reached XP level 3. HP: 18/36 MP: 2/2
   450 | D:2      | Reached XP level 4. HP: 21/42 MP: 3/3
   450 | D:2      | Reached XP level 5. HP: 24/48 MP: 4/4
  1569 | D:3      | Noticed manyhoops's ghost (amateur DsFi)
  1821 | D:3      | Killed manyhoops's ghost
  1821 | D:3      | Reached skill level 1 in Dodging
  1821 | D:3      | Reached XP level 6. HP: 11/56 MP: 5/5
  2171 | D:3      | Reached skill level 5 in Shields
  2246 | D:3      | Noticed Crazy Yiuf
  2258 | D:3      | Killed Crazy Yiuf
  3425 | D:4      | Found an ancient bone altar of Kikubaaqudgha.
  3426 | D:4      | Noticed attackplan's ghost (amateur HOFi)
  3445 | D:4      | Slain by attackplan's ghost

Action                   |  1- 3 |  4- 6 || total
-------------------------+-------+-------++-------
Melee: Flail             |    33 |   153 ||   186
  Eat: Bread ration      |       |     2 ||     2
